APL (24 & UNDER)
DETROIT DIRTY SNOW @ NANTUCKET ORCAS
06/06/2027
 
TOP OF THE 1ST
Detroit Dirty Snow batting - Pitching for Nantucket Orcas : RHP Pedro Santiago
Pitching: RHP Pedro Santiago
Batting: RHB Phil Wright 0-0: Called Strike
0-1: Swinging Strike
0-2: Ball
1-2: Ball
2-2: Strikes out swinging
Batting: RHB Jorge López 0-0: Called Strike
0-1: Ball
1-1: Foul Ball, location: 2F
1-2: SINGLE (Flyball, 9LS)
Batting: LHB Eric Powell 0-0: Fly out, F8 (Flyball, 8LD)
Batting: RHB Carlos Rocha 0-0: Ball
1-0: Fly out, F9 (Line Drive, 9LM)
Top of the 1st over - 0 run(s), 1 hit(s), 0 error(s), 1 left on base; Detroit 0 - Nantucket 0
BOTTOM OF THE 1ST
Nantucket Orcas batting - Pitching for Detroit Dirty Snow : RHP Hayden Collins
Pitching: RHP Hayden Collins
Batting: RHB Jorge Hernández 0-0: Called Strike
0-1: Fly out, F6 (Popup, 56D)
Batting: RHB Ramón Díaz 0-0: Ball
1-0: Ball
2-0: Ground out 4-3 (Groundball, 34)
Batting: SHB Cory Campbell 0-0: Ball
1-0: Ball
2-0: Ball
3-0: Base on Balls
Batting: RHB Pepe Franco 0-0: Called Strike
Cory Campbell steals 2nd base
0-1: Called Strike
0-2: Ball
1-2: Strikes out swinging
Bottom of the 1st over - 0 run(s), 0 hit(s), 0 error(s), 1 left on base; Detroit 0 - Nantucket 0
TOP OF THE 2ND
Detroit Dirty Snow batting - Pitching for Nantucket Orcas : RHP Pedro Santiago
Batting: RHB Arturo Jiménez 0-0: Swinging Strike
0-1: Swinging Strike
0-2: Strikes out swinging
Batting: RHB Charlie O'Farrell 0-0: Ball
1-0: Swinging Strike
1-1: Ground out 5-3 (Groundball, 56S)
Batting: SHB Alan Garland 0-0: Ball
1-0: Ball
2-0: Called Strike
2-1: Ball
3-1: Base on Balls
Batting: SHB Cristián López 0-0: Ball
1-0: Ball
2-0: Ball
3-0: Called Strike
3-1: Ground out U3 (Groundball, 34)
Top of the 2nd over - 0 run(s), 0 hit(s), 0 error(s), 1 left on base; Detroit 0 - Nantucket 0
BOTTOM OF THE 2ND
Nantucket Orcas batting - Pitching for Detroit Dirty Snow : RHP Hayden Collins
Batting: RHB Roberto Canó 0-0: Swinging Strike
0-1: Ball
1-1: Swinging Strike
1-2: Foul Ball, location: 2F
1-2: Ground out 5-3 (Groundball, 56)
Batting: RHB César Osequedo 0-0: Ball
1-0: Ball
2-0: Ball
3-0: Base on Balls
Batting: RHB Anastasio Zartuche 0-0: Foul Ball, location: 2F
0-1: Ball
1-1: Fly out, F9 (Flyball, 9LSF)
Batting: RHB Domingo Hernández 0-0: Ball
César Osequedo steals 2nd base
1-0: Swinging Strike
1-1: Fly out, F8 (Flyball, 78D)
Bottom of the 2nd over - 0 run(s), 0 hit(s), 0 error(s), 1 left on base; Detroit 0 - Nantucket 0
TOP OF THE 3RD
Detroit Dirty Snow batting - Pitching for Nantucket Orcas : RHP Pedro Santiago
Batting: RHB Carlos Salas 0-0: Ball
1-0: Called Strike
1-1: Bunt missed!
1-2: Foul Ball, location: 2F
1-2: Ground out 6-3 (Groundball, 6)
Batting: RHB Phil Wright 0-0: Foul Ball, location: 2F
0-1: SINGLE (Groundball, 6MD)
Batting: RHB Jorge López 0-0: Ball
1-0: Called Strike
1-1: Ball
2-1: Ball
3-1: Foul Ball, location: 2F
3-2: Strikes out swinging
Phil Wright is caught stealing 2nd base
Batter strikes out.
Top of the 3rd over - 0 run(s), 1 hit(s), 0 error(s), 0 left on base; Detroit 0 - Nantucket 0
BOTTOM OF THE 3RD
Nantucket Orcas batting - Pitching for Detroit Dirty Snow : RHP Hayden Collins
Batting: LHB Carter Sweet 0-0: Ball
1-0: Ball
2-0: Called Strike
2-1: Swinging Strike
2-2: Foul Ball, location: 2F
2-2: Strikes out looking
Batting: RHB Jorge Hernández 0-0: Called Strike
0-1: Ball
1-1: Foul Ball, location: 2F
1-2: Foul Ball, location: 2F
1-2: Ground out 1-3 (Groundball, 13S)
Batting: RHB Ramón Díaz 0-0: Foul Ball, location: 2F
0-1: Called Strike
0-2: Strikes out swinging
Bottom of the 3rd over - 0 run(s), 0 hit(s), 0 error(s), 0 left on base; Detroit 0 - Nantucket 0
TOP OF THE 4TH
Detroit Dirty Snow batting - Pitching for Nantucket Orcas : RHP Pedro Santiago
Batting: LHB Eric Powell 0-0: Ball
1-0: Called Strike
1-1: Ground out 4-3 (Groundball, 4)
Batting: RHB Carlos Rocha 0-0: Called Strike
0-1: Ball
1-1: Ground out 5-3 (Groundball, 56)
Batting: RHB Arturo Jiménez 0-0: Called Strike
0-1: Swinging Strike
0-2: Ball
1-2: Ball
2-2: Ground out 5-3 (Groundball, 56)
Top of the 4th over - 0 run(s), 0 hit(s), 0 error(s), 0 left on base; Detroit 0 - Nantucket 0
BOTTOM OF THE 4TH
Nantucket Orcas batting - Pitching for Detroit Dirty Snow : RHP Hayden Collins
Batting: SHB Cory Campbell 0-0: Foul Ball, location: 2F
0-1: Called Strike
0-2: Ground out 4-3 (Groundball, 4)
Batting: RHB Pepe Franco 0-0: Foul Ball, location: 2F
0-1: SINGLE (Groundball, 4MD)
Batting: RHB Roberto Canó 0-0: Ball
1-0: Foul Ball, location: 2F
1-1: Ball
2-1: Ball
3-1: Fly out, F8 (Flyball, 8RM)
Batting: RHB César Osequedo 0-0: Ball
1-0: Foul Ball, location: 2F
1-1: Ball
2-1: Foul Ball, location: 2F
2-2: SINGLE (Line Drive, 6)
Pepe Franco to second
Batting: RHB Anastasio Zartuche 0-0: Called Strike
0-1: Ball
1-1: Ball
2-1: Called Strike
2-2: Strikes out swinging
Bottom of the 4th over - 0 run(s), 2 hit(s), 0 error(s), 2 left on base; Detroit 0 - Nantucket 0
TOP OF THE 5TH
Detroit Dirty Snow batting - Pitching for Nantucket Orcas : RHP Pedro Santiago
Batting: RHB Charlie O'Farrell 0-0: Called Strike
0-1: Ball
1-1: DOUBLE (Line Drive, 3D)
Batting: SHB Alan Garland 0-0: Called Strike
0-1: Ball
1-1: Ball
2-1: Ball
3-1: Base on Balls
Batting: SHB Cristián López 0-0: Fly out, F8 (Line Drive, 8LM)
Batting: RHB Carlos Salas 0-0: Called Strike
0-1: Called Strike
0-2: SINGLE (Line Drive, 4D)
Charlie O'Farrell to third
Alan Garland to second
Runner from 3rd tries for Home, SAFE, throw made home
Batting: RHB Phil Wright 0-0: Ball
Alan Garland steals 3rd base
Carlos Salas to second
1-0: Ground out 5-3 (Groundball, 56S)
Alan Garland scores
Carlos Salas to third
Batting: RHB Jorge López 0-0: Swinging Strike
0-1: Ball
1-1: Foul Ball, location: 2F
1-2: Ball
2-2: Ball
3-2: Foul Ball, location: 2F
3-2: Strikes out looking
Top of the 5th over - 2 run(s), 2 hit(s), 0 error(s), 1 left on base; Detroit 2 - Nantucket 0
BOTTOM OF THE 5TH
Nantucket Orcas batting - Pitching for Detroit Dirty Snow : RHP Hayden Collins
Batting: RHB Domingo Hernández 0-0: Foul Ball, location: 2F
0-1: SINGLE (Groundball, 6M) (infield hit)
Batting: LHB Carter Sweet 0-0: Ball
1-0: SINGLE (Groundball, 34D)
Domingo Hernández to second
Runner from 2nd tries for 3rd, SAFE, throw made to third
Batting: RHB Jorge Hernández 0-0: Called Strike
0-1: Ball
1-1: Ball
2-1: Called Strike
2-2: Foul Ball, location: 2F
2-2: Foul Ball, location: 2F
2-2: Ball
3-2: Foul Ball, location: 2F
3-2: Strikes out swinging
Batting: RHB Ramón Díaz 0-0: Ball
1-0: Ball
2-0: Fly out, F6 (Popup, 6D)
Batting: SHB Cory Campbell 0-0: Ball
1-0: Ball
2-0: SINGLE (Groundball, 34D)
Domingo Hernández scores
Carter Sweet to second
Runner from 2nd tries for 3rd, SAFE, throw made to third
Batting: RHB Pepe Franco 0-0: Called Strike
0-1: Hit by Pitch
Cory Campbell to second
Batting: RHB Roberto Canó 0-0: Swinging Strike
0-1: Ball
1-1: Ball
2-1: Ball
3-1: Foul Ball, location: 2F
3-2: Base on Balls
Carter Sweet scores
Cory Campbell to third
Pepe Franco to second
Pitching: RHP Carl Thomas
Batting: RHB César Osequedo 0-0: Called Strike
0-1: Ball
1-1: Ball
2-1: Ball
3-1: Called Strike
3-2: Base on Balls
Cory Campbell scores
Pepe Franco to third
Roberto Canó to second
Batting: RHB Anastasio Zartuche 0-0: Ball
1-0: Foul Ball, location: 2F
1-1: Ball
2-1: Swinging Strike
2-2: Ball
3-2: DOUBLE (Groundball, 5L)
Pepe Franco scores
Roberto Canó scores
César Osequedo to third
César Osequedo scores
Batting: RHB Domingo Hernández 0-0: Called Strike
0-1: Ball
1-1: Ball
2-1: Foul Ball, location: 2F
2-2: Fly out, F7 (Flyball, 7)
Bottom of the 5th over - 6 run(s), 4 hit(s), 0 error(s), 1 left on base; Detroit 2 - Nantucket 6
TOP OF THE 6TH
Detroit Dirty Snow batting - Pitching for Nantucket Orcas : RHP Pedro Santiago
Batting: LHB Eric Powell 0-0: Ball
1-0: Swinging Strike
1-1: Swinging Strike
1-2: Ball
2-2: Strikes out looking
Batting: RHB Carlos Rocha 0-0: Ball
1-0: Ground out 4-3 (Groundball, 4)
Batting: RHB Arturo Jiménez 0-0: Ball
1-0: Fly out, F8 (Flyball, 8LM)
Top of the 6th over - 0 run(s), 0 hit(s), 0 error(s), 0 left on base; Detroit 2 - Nantucket 6
BOTTOM OF THE 6TH
Nantucket Orcas batting - Pitching for Detroit Dirty Snow : RHP Carl Thomas
Batting: LHB Carter Sweet 0-0: Ball
1-0: Foul Ball, location: 2F
1-1: Ground out U3 (Groundball, 34)
Batting: RHB Jorge Hernández 0-0: Fly out, F3 (Line Drive, 3)
Batting: RHB Ramón Díaz 0-0: Ball
1-0: Foul Ball, location: 2F
1-1: Foul Ball, location: 2F
1-2: Ball
2-2: Ball
3-2: Foul Ball, location: 2F
3-2: Base on Balls
Batting: SHB Cory Campbell 0-0: Ball
1-0: Called Strike
1-1: Fly out, F3 (Line Drive, 3)
Bottom of the 6th over - 0 run(s), 0 hit(s), 0 error(s), 1 left on base; Detroit 2 - Nantucket 6
TOP OF THE 7TH
Detroit Dirty Snow batting - Pitching for Nantucket Orcas : RHP Pedro Santiago
Pitching: RHP Sean Flynn
Batting: RHB Charlie O'Farrell 0-0: Called Strike
0-1: Ball
1-1: Called Strike
1-2: Ball
2-2: Ball
3-2: Foul Ball, location: 2F
3-2: Strikes out swinging
Batting: SHB Alan Garland 0-0: Ball
1-0: Foul Ball, location: 2F
1-1: Ball
2-1: Ball
3-1: Base on Balls
Batting: SHB Cristián López 0-0: Called Strike
0-1: Ball
1-1: Called Strike
1-2: Strikes out swinging
Batting: RHB Carlos Salas 0-0: Swinging Strike
0-1: Swinging Strike
0-2: Ball
1-2: Ground out 6-3 (Groundball, 6S)
Top of the 7th over - 0 run(s), 0 hit(s), 0 error(s), 1 left on base; Detroit 2 - Nantucket 6
BOTTOM OF THE 7TH
Nantucket Orcas batting - Pitching for Detroit Dirty Snow : RHP Carl Thomas
Batting: RHB Pepe Franco 0-0: Ball
1-0: Called Strike
1-1: Ball
2-1: SINGLE (Line Drive, 8LS)
Batting: RHB Roberto Canó 0-0: Called Strike
Pepe Franco steals 2nd base
0-1: Ground out 5-3 (Groundball, 56S)
Pepe Franco to third
Batting: RHB César Osequedo 0-0: Called Strike
0-1: Ball
1-1: Fly out, F8 (Flyball, 8LM)
Runner from 3rd tags up, SCORES, no throw
Batting: RHB Anastasio Zartuche 0-0: Called Strike
0-1: Called Strike
0-2: Ball
1-2: Strikes out swinging
Bottom of the 7th over - 1 run(s), 1 hit(s), 0 error(s), 0 left on base; Detroit 2 - Nantucket 7
TOP OF THE 8TH
Detroit Dirty Snow batting - Pitching for Nantucket Orcas : RHP Sean Flynn
Batting: RHB Phil Wright 0-0: Ground out 6-3 (Groundball, 6)
Batting: RHB Jorge López 0-0: Called Strike
0-1: Called Strike
0-2: Foul Ball, location: 2F
0-2: Ball
1-2: Strikes out swinging
Pitching: RHP Kade Coleman
Batting: LHB Eric Powell 0-0: Called Strike
0-1: Ground out 4-3 (Groundball, 4)
Top of the 8th over - 0 run(s), 0 hit(s), 0 error(s), 0 left on base; Detroit 2 - Nantucket 7
BOTTOM OF THE 8TH
Nantucket Orcas batting - Pitching for Detroit Dirty Snow : RHP Carl Thomas
Batting: RHB Domingo Hernández 0-0: Ball
1-0: Called Strike
1-1: Fly out, F7 (Flyball, 78M)
Batting: LHB Carter Sweet 0-0: Called Strike
0-1: Ball
1-1: Swinging Strike
1-2: Ground out 4-3 (Groundball, 4)
Batting: RHB Jorge Hernández 0-0: Ball
1-0: Foul Ball, location: 2F
1-1: Foul Ball, location: 2F
1-2: Ball
2-2: Ground out 5-3 (Groundball, 56S)
Bottom of the 8th over - 0 run(s), 0 hit(s), 0 error(s), 0 left on base; Detroit 2 - Nantucket 7
TOP OF THE 9TH
Detroit Dirty Snow batting - Pitching for Nantucket Orcas : RHP Kade Coleman
Batting: RHB Carlos Rocha 0-0: Ball
1-0: Fly out, F3 (Line Drive, 3S)
Batting: RHB Arturo Jiménez 0-0: Foul Ball, location: 2F
0-1: Ball
1-1: Called Strike
1-2: Foul Ball, location: 2F
1-2: Ground out 6-3 (Groundball, 6)
Batting: RHB Charlie O'Farrell 0-0: Foul Ball, location: 2F
0-1: Foul Ball, location: 2F
0-2: Strikes out swinging
Top of the 9th over - 0 run(s), 0 hit(s), 0 error(s), 0 left on base; Detroit 2 - Nantucket 7
Thursday, March 30th, 2017 - OOTP Baseball 17.12 Build 75